 Dungeon Crawl Stone Soup version 0.29-a0-334-gb41bcbb86e (webtiles) character file.

Game seed: 3004783513039623170

50 BritishOli the Skirmisher (level 3, -1/29 HPs)
             Began as a Demonspawn Monk on Apr 14, 2022.
             Slain by a gnoll
             ... wielding a +0 flail
              (4 damage)
             ... on level 2 of the Dungeon.
             The game lasted 00:02:02 (1894 turns).

BritishOli the Skirmisher (Demonspawn Monk)         Turns: 1894, Time: 00:02:02

Health: -1/29      AC:  4    Str: 13    XL:     3   Next: 55%
Magic:  3/3        EV: 13    Int: 11    God:
Gold:   77         SH:  4    Dex: 15    Spells: 2/2 levels left

rFire   . . .      SeeInvis .   a - +0 falchion
rCold   . . .      Faith    .   (no shield)
rNeg    . . .      Spirit   .   b - +0 robe
rPois   .          Reflect  .   (no helmet)
rElec   .          Harm     .   (no cloak)
rCorr   .          Rampage  .   (no gloves)
Will    .....                   (no boots)
Stlth   ++........              (no amulet)
HPRegen 0.09/turn               (no ring)
MPRegen 0.08/turn               (no ring)

@: no status effects
A: molten scales 1, condensation shield
a: no special abilities


You were on level 2 of the Dungeon.
You visited 1 branch of the dungeon, and saw 2 of its levels.

You collected 77 gold pieces.

Inventory:

Hand Weapons
 a - a +0 falchion (weapon)
Armour
 b - a +0 robe (worn)
Scrolls
 d - 5 scrolls of identify {unknown}
 f - a scroll of fear {unknown}
 i - 2 scrolls of noise {unknown}
Potions
 c - a potion of ambrosia
 e - a potion of attraction {unknown}
 g - a potion of curing {unknown}
 h - a potion of flight {unknown}
 j - a potion of mutation {unknown}


   Skills:
 + Level 3.4 Fighting
 + Level 3.1 Long Blades
 + Level 3.1 Dodging
 + Level 2.5 Stealth


You had 2 spell levels left.
You didn't know any spells.
Your spell library was empty.

Dungeon Overview and Level Annotations

Branches:
Dungeon (2/15)

Altars:


Innate Abilities, Weirdness & Mutations

You are partially covered in molten scales. (AC +2)
A meltable shield of frost defends you. (SH +4)


Message History

The giant cockroach bites you but does no damage.
The giant cockroach attacks as you move away!
The giant cockroach barely misses you. The giant cockroach misses you.
The giant cockroach attacks as you move away!
The giant cockroach closely misses you.
The giant cockroach bites you but does no damage.
The giant cockroach attacks as you move away!
The giant cockroach barely misses you.
You hit the giant cockroach.
The giant cockroach is heavily wounded.
The giant cockroach barely misses you.
You hit the giant cockroach but do no damage.
The giant cockroach is heavily wounded.
The giant cockroach bites you but does no damage.
The giant cockroach misses you.
You hit the giant cockroach but do no damage.
The giant cockroach is heavily wounded.
The giant cockroach bites you but does no damage.
The gnoll barely misses you.
You hit the giant cockroach but do no damage.
The giant cockroach is heavily wounded.
The giant cockroach closely misses you.
The gnoll hits you from afar with a +0 spear.
You slash the giant cockroach!
You kill the giant cockroach!
The gnoll hits you from afar with a +0 spear.
You closely miss the gnoll. The gnoll closely misses you.
You hit the gnoll.
The gnoll is lightly wounded.
The gnoll hits you with a +0 flail!
* * * LOW HITPOINT WARNING * * *
The gnoll hits you from afar with a +0 halberd.
* * * LOW HITPOINT WARNING * * *
The gnoll hits you from afar with a +0 spear.
* * * LOW HITPOINT WARNING * * *
You barely miss the gnoll.
The gnoll is lightly wounded.
The gnoll barely misses you. The gnoll hits you with a +0 flail.
You die...

... #........ ...
#........ ..
###########........
##
#.........#........
.####.........#......
...##.........##...
....†....)....##g#
...##.........g†@#
..............g###
.#....#######..#
#..##(..#.....##
..####........# .#
### ##.#.....# .# #
#.#....## .# #
#......# .# #
###....#####.####


You could see 3 gnolls.

Vanquished Creatures
  2 adders (D:2)
  2 dart slugs
  4 ball pythons
  3 endoplasms (D:1)
  4 giant cockroaches
  3 goblins
  A hobgoblin (D:2)
  A quokka (D:1)
  2 frilled lizards
  2 kobolds (D:1)
  4 rats (D:2)
28 creatures vanquished.

Vanquished Creatures (others)
  A fungus (D:1)
1 creature vanquished.

Grand Total: 29 creatures vanquished

Notes
Turn   | Place    | Note
-------+----------+-------------------------------------------
     0 | D:1      | BritishOli the Demonspawn Monk began the quest for the Orb.
     0 | D:1      | Reached XP level 1. HP: 18/18 MP: 1/1
   407 | D:1      | Found a faded altar of an unknown god.
   432 | D:1      | Gained mutation: You are partially covered in molten
                  | scales. (AC +2) [demonic ancestry]
   432 | D:1      | Reached XP level 2. HP: 7/24 MP: 2/2
  1342 | D:2      | Gained mutation: A meltable shield of frost defends you.
                  | (SH +4) [demonic ancestry]
  1342 | D:2      | Reached XP level 3. HP: 14/29 MP: 3/3
  1894 | D:2      | Slain by a gnoll

Illustrated notes

Levels and vault maps discovered:
D:1:      dpeg_arrival_rooms_a, layout_rooms, shapermc_ecumenical_altar_petra
D:2:      layout_rooms

Skill      XL: |  1  2 |
---------------+-------+-----
Stealth        | 2 |  2.5
Long Blades    | 3 |  3.1
Dodging        | 3 |  3.1
Fighting       | |  3.4

Action                   || total
-------------------------++-------
Melee: Falchion          ||   113
 Stab: Sleeping          ||     1
Armor: Robe              ||    27
Dodge: Dodged            ||    88
Block: Other             ||     6

Table legend: (Time is in decaauts)
 A = Elapsed time spent in this place.
 B = Non-inter-level travel time spent in this place.
 C = Inter-level travel time spent in this place.
 D = Time resting spent in this place.
 E = Time spent auto-exploring this place.
 F = Levels seen in this place.
 G = Mean time per level.
                   A        B        C        D        E       F      G
               +--------+--------+--------+--------+--------+-----+--------+
         Total |   1910 |   1859 |     51 |      0 |   1570 |   2 |  955.0 |
       Dungeon |   1910 |   1859 |     51 |      0 |   1570 |   2 |  955.0 |
               +--------+--------+--------+--------+--------+-----+--------+

Top non-repeatable levels by time:
     D:1: 1217 daAuts
     D:2: 693 daAuts
